Map: [ESL] Oceanborn

Players

Nice

  • Race: Protoss Protoss
  • Spawn Location: 5:00

SCV - Winner!

  • Race: Protoss Protoss
  • Spawn Location: 11:00

Event: ESL SC2 Masters 2023 Winter (Regional)

VOD

Have the link to the VOD?

Description

Time

  • Played on: Oct. 27, 2023, 8:40 a.m.
  • Length: 17:13

All games in this series

Show
View Real Time Build Order
Export as new Build Order

Nice Protoss 

Build Orders:  

Get SALT Encoding   

  12  0:00  Probe  
  13  0:12  Probe  
  14  0:17  Pylon  
  14  0:24  Probe (Chrono Boost)  
  16  0:37  Gateway, Probe (Chrono Boost)  
  16  0:42  Probe (Chrono Boost)  
  17  0:51  Probe  
  17  0:52  Assimilator  
  17  0:54  Assimilator  
  18  1:03  Probe (Chrono Boost)  
  19  1:07  Gateway  
  19  1:13  Probe (Chrono Boost)  
  19  1:18  Probe (Chrono Boost)  
  20  1:24  Cybernetics Core  
  21  1:30  Probe  
  22  1:35  Pylon  
  22  1:42  Probe  
  23  1:58  Warp Gate (Chrono Boost)  
  23  2:00  Adept x2  
  27  2:06  Pylon  
  27  2:23  Probe  
  28  2:30  Adept x2  
  28  2:33  Pylon  
  31  2:58  Nexus  
  31  3:10  Probe  
  31  3:22  Probe  
  32  3:32  Twilight Council  
  32  3:34  Probe  
  32  3:35  Adept x2  
  37  3:42  Pylon  
  37  3:46  Probe  
  38  3:58  Probe, Stalker x2  
  39  4:04  Blink (Chrono Boost)  
  35  4:10  Probe  
  36  4:22  Probe  
  34  4:26  Stalker x2  
  37  4:34  Shield Battery  
  37  4:37  Pylon  
  37  4:39  Probe  
  37  4:42  Probe  
  39  4:49  Stalker  
  41  4:56  Stalker  
  43  5:04  Dark Shrine  
  43  5:07  Probe  
  45  5:17  Stalker  
  45  5:18  Probe  
  47  5:24  Stalker  
  47  5:26  Probe  
  50  5:30  Probe  
  51  5:38  Probe  
  51  5:40  Robotics Facility  
  52  5:43  Probe  
  52  5:46  Stalker  
  52  5:49  Stalker  
  57  5:51  Probe  
  57  5:56  Probe  
  59  5:58  Pylon  
  59  6:03  Probe  
  60  6:08  Probe  
  60  6:09  Pylon  
  61  6:16  Dark Templar  
  61  6:17  Dark Templar  
  65  6:22  Gateway  
  65  6:27  Observer (Chrono Boost)  
  66  6:34  Nexus  
  66  6:37  Probe  
  66  6:38  Probe  
  64  6:49  Probe  
  64  6:50  Probe, Stalker x2  
  69  6:54  Immortal (Chrono Boost)  
  73  7:01  Probe  
  73  7:02  Probe  
  75  7:11  Charge (Chrono Boost)  
  75  7:12  Gateway  
  75  7:13  Probe  
  75  7:14  Probe  
  74  7:24  Adept  
  74  7:25  Probe, Shield Battery, Adept  
  74  7:27  Zealot, Probe  
  82  7:35  Gateway  
  82  7:37  Gateway  
  80  7:47  Gateway  
  80  7:48  Gateway  
  78  7:53  Zealot x2  
  78  7:57  Warp Prism (Chrono Boost)  
  82  8:02  Observer  
  82  8:04  Sentry  
  86  8:08  Pylon  
  86  8:15  Zealot x3  
  86  8:17  Pylon  
  92  8:20  Shield Battery  
  92  8:21  Shield Battery  
  92  8:31  Zealot x3  
  98  8:37  Zealot x3  
  104  8:43  Observer  
  104  8:47  Dark Templar x2  
  108  8:51  Archon  
  108  8:53  Zealot x3  
  108  8:54  Observer (Chrono Boost)  
  115  9:00  Zealot  
  117  9:03  Pylon  
  117  9:05  Pylon  
  113  9:18  Zealot x2  
  106  9:25  Zealot x6  
  106  9:29  Observer (Chrono Boost)  
  107  9:40  Stalker  
  107  9:41  Probe, Stalker  
  107  9:42  Probe x2  
  107  9:43  Assimilator  
  107  9:44  Assimilator  
  110  9:51  Forge  
  110  9:55  Zealot, Stalker  
  114  10:07  Adept x2  
  114  10:11  Pylon  
  118  10:14  Zealot x4  
  118  10:19  Zealot x2  
  118  10:20  Protoss Ground Weapons Level 1 (Chrono Boost)  
  124  10:39  Nexus  
  122  10:47  Zealot x7  
  122  10:49  Zealot  
  136  10:54  Templar Archives  
  134  11:00  Pylon  
  134  11:07  Zealot x3  
  140  11:14  Pylon  
  140  11:16  Pylon  
  140  11:17  Pylon  
  140  11:20  Zealot  
  140  11:21  Zealot x2  
  140  11:22  Sentry  
  148  11:27  Photon Cannon  
  148  11:30  Pylon  
  148  11:32  Zealot x2  
  148  11:36  High Templar x2  
  156  11:44  Observer, Archon  
  156  11:45  Protoss Ground Weapons Level 2 (Chrono Boost)  
  148  11:50  High Templar  
  148  11:51  High Templar  
  148  11:52  Zealot x2  
  156  11:54  Gateway  
  156  11:56  Archon  
  156  11:57  Gateway, Photon Cannon  
  156  11:58  High Templar  
  158  12:03  Probe x3  
  158  12:05  Probe  
  162  12:17  High Templar  
  162  12:19  Zealot, Stalker  
  162  12:20  Zealot x2  
  172  12:23  Archon  
  172  12:24  Zealot x2  
  172  12:26  Warp Prism (Chrono Boost)  
  178  12:30  Observer  
  178  12:36  Zealot  
  176  12:53  High Templar  
  176  12:54  High Templar, Zealot x7  
  194  12:58  Archon  
  194  12:59  Shield Battery  
  194  13:01  Zealot  
  194  13:04  Shield Battery  
  194  13:19  Zealot x2  
  194  13:20  Zealot x4  
  192  13:29  High Templar x2  
  192  13:30  Zealot  
  192  13:33  Gateway  
  192  13:34  Archon, Pylon  
  196  13:37  Protoss Ground Weapons Level 3 (Chrono Boost)  
  196  13:38  Photon Cannon  
  196  13:44  Pylon  
  196  13:50  Pylon  
  196  14:02  Zealot x3  
  188  14:03  Zealot x6  
  188  14:08  Observer x2  
  150  14:22  Zealot x3  
  150  14:23  Zealot x6  
  106  14:36  Immortal (Chrono Boost)  
  100  14:44  High Templar x4  
  100  14:48  Archon x2  
  100  14:49  Zealot x5  
  110  15:09  High Templar x2  
  110  15:10  Zealot x3  
  120  15:16  Archon  
  120  15:17  Zealot x3  
  120  15:18  Zealot  
  128  15:31  Pylon  
  127  15:35  Zealot x2  
  127  15:36  Zealot x3  
  137  15:44  High Templar x2  
  137  15:45  Zealot x2  
  137  15:48  Archon  
  145  15:51  Nexus  
  145  16:01  Zealot x4  
  153  16:04  Zealot  
  143  16:26  Zealot x6  
  138  16:41  High Templar x2  
  138  16:42  Zealot  
  138  16:45  Archon  
Show
View Real Time Build Order
Export as new Build Order

SCV Protoss - Winner!

Build Orders: Oracle Opening 

Get SALT Encoding   

  12  0:00  Probe  
  13  0:12  Probe  
  14  0:17  Pylon  
  14  0:24  Probe (Chrono Boost)  
  15  0:36  Gateway, Probe (Chrono Boost)  
  16  0:44  Probe (Chrono Boost)  
  16  0:46  Assimilator  
  17  0:51  Probe  
  18  1:03  Probe (Chrono Boost)  
  19  1:04  Assimilator  
  19  1:08  Gateway  
  19  1:15  Probe (Chrono Boost)  
  20  1:21  Probe (Chrono Boost)  
  20  1:25  Cybernetics Core  
  21  1:29  Probe  
  22  1:34  Pylon  
  22  1:41  Probe  
  23  1:53  Probe  
  24  2:01  Adept, Warp Gate, Stalker  
  26  2:06  Pylon  
  28  2:31  Stalker x2  
  32  2:40  Stargate  
  32  2:55  Probe  
  33  3:07  Pylon, Probe  
  33  3:11  Shield Battery  
  32  3:21  Nexus  
  32  3:24  Oracle (Chrono Boost)  
  32  3:31  Probe  
  36  3:43  Probe  
  37  3:49  Stalker x2  
  37  3:55  Probe  
  41  4:01  Shield Battery  
  39  4:07  Probe  
  38  4:19  Probe  
  37  4:30  Twilight Council  
  37  4:34  Probe (Chrono Boost)  
  37  4:37  Probe (Chrono Boost)  
  39  4:45  Probe (Chrono Boost)  
  41  4:47  Probe (Chrono Boost)  
  41  4:52  Probe (Chrono Boost)  
  42  4:54  Probe (Chrono Boost)  
  42  4:57  Probe  
  42  4:59  Blink (Chrono Boost)  
  44  5:03  Probe  
  45  5:09  Dark Shrine  
  45  5:10  Probe  
  46  5:15  Probe  
  47  5:21  Gateway  
  47  5:22  Gateway, Probe  
  47  5:27  Probe  
  49  5:34  Stalker x2, Probe  
  54  5:39  Probe  
  54  5:42  Shield Battery  
  55  5:46  Probe  
  56  5:51  Probe  
  56  5:56  Pylon  
  57  5:58  Probe  
  57  6:02  Stalker x2  
  62  6:08  Pylon  
  62  6:14  Probe  
  62  6:16  Nexus  
  63  6:19  Probe  
  63  6:23  Dark Templar x2  
  67  6:27  Probe  
  67  6:28  Stalker  
  67  6:30  Assimilator  
  67  6:32  Pylon  
  70  6:42  Nexus  
  70  6:45  Pylon  
  70  6:50  Probe x2  
  72  6:59  Robotics Facility  
  72  7:00  Stalker x2  
  72  7:02  Probe  
  72  7:03  Stalker  
  75  7:10  Gateway  
  75  7:11  Probe  
  75  7:14  Probe  
  75  7:23  Probe, Stalker x2  
  75  7:24  Stalker  
  75  7:29  Forge  
  82  7:33  Probe  
  82  7:36  Probe  
  84  7:40  Shield Battery  
  84  7:46  Probe (Chrono Boost)  
  84  7:50  Probe (Chrono Boost)  
  86  7:54  Observer (Chrono Boost)  
  86  7:55  Probe (Chrono Boost)  
  86  7:56  Stalker x3  
  95  8:03  Probe (Chrono Boost), Pylon  
  95  8:04  Probe (Chrono Boost)  
  96  8:05  Pylon  
  96  8:07  Pylon  
  96  8:08  Protoss Ground Weapons Level 1 (Chrono Boost)  
  96  8:12  Gateway  
  96  8:16  Gateway  
  96  8:21  Probe  
  97  8:28  Observer (Chrono Boost)  
  97  8:31  Assimilator  
  98  8:38  Photon Cannon  
  98  8:42  Stalker x4  
  105  8:50  Nexus  
  105  8:53  Pylon  
  105  8:56  Photon Cannon  
  105  8:58  Photon Cannon  
  105  9:01  Probe  
  108  9:08  Stalker x3  
  110  9:19  Dark Templar x2  
  106  9:32  Dark Templar  
  104  9:40  Probe x2  
  104  9:41  Gateway  
  104  9:42  Gateway  
  104  9:44  Pylon  
  104  9:45  Pylon  
  106  9:48  Probe  
  106  9:51  Dark Templar  
  106  9:52  Archon, Probe x2  
  111  9:56  Pylon  
  111  9:57  Archon, Stalker x3  
  111  9:59  Pylon  
  114  10:00  Probe  
  114  10:02  Charge (Chrono Boost)  
  114  10:06  Shield Battery  
  115  10:08  Photon Cannon  
  115  10:19  Observer, Gateway  
  115  10:20  Gateway, Probe x4  
  120  10:27  Stalker x3  
  120  10:28  Zealot x3  
  129  10:37  Stalker x2  
  129  10:39  Probe x3  
  129  10:40  Probe  
  135  10:47  Protoss Ground Weapons Level 2 (Chrono Boost)  
  134  10:51  Zealot x6  
  146  11:02  Pylon  
  146  11:08  Stalker x2  
  150  11:12  Pylon  
  150  11:13  Stalker  
  150  11:14  Zealot x3, Stalker  
  160  11:19  Pylon  
  160  11:25  Shadow Stride (Chrono Boost)  
  160  11:26  Nexus  
  160  11:33  Zealot x4  
  160  11:38  Pylon  
  162  11:49  Stalker x5  
  162  11:54  Shield Battery  
  170  11:56  Probe  
  170  11:57  Probe x3  
  170  12:00  Photon Cannon  
  174  12:09  Probe  
  174  12:11  Probe x3  
  178  12:21  Stalker, Probe  
  178  12:22  Stalker x6  
  193  12:27  Assimilator  
  193  12:31  Assimilator, Stalker x2  
  193  12:33  Pylon  
  193  12:35  Pylon  
  197  12:37  Photon Cannon  
  197  12:41  Pylon  
  196  12:45  Protoss Ground Weapons Level 3 (Chrono Boost)  
  194  12:53  Zealot x3  
  200  13:03  Photon Cannon  
  200  13:05  Photon Cannon  
  200  13:09  Gateway x2  
  200  13:10  Robotics Bay  
  188  13:21  Stalker x3  
  188  13:22  Stalker x3  
  186  13:34  Stalker x4  
  194  13:52  Robotics Facility  
  194  13:54  Nexus  
  192  13:56  Pylon  
  176  14:06  Stalker x4  
  176  14:07  Stalker x4  
  176  14:08  Zealot x4  
  153  14:20  Disruptor (Chrono Boost)  
  137  14:28  Stalker  
  137  14:29  Zealot, Stalker x3  
  137  14:30  Zealot x7  
  139  14:37  Probe x2  
  139  14:38  Probe  
  126  14:48  Probe x2  
  126  14:49  Probe  
  126  14:50  Probe  
  126  14:52  Stalker x8  
  146  14:53  Zealot x4  
  146  14:57  Observer (Chrono Boost)  
  155  15:04  Disruptor (Chrono Boost)  
  158  15:18  Shield Battery  
  158  15:19  Disruptor (Chrono Boost)  
  158  15:20  Shield Battery  
  158  15:26  Dark Templar  
  164  15:33  Stalker x3  
  164  15:35  Nexus  
  170  15:38  Shield Battery  
  170  15:42  Stalker x2  
  169  15:46  Zealot, Assimilator  
  169  15:47  Zealot x5  
  181  15:55  Disruptor  
  185  16:02  Stalker x2  
  185  16:03  Zealot x2  
  193  16:07  Zealot x3  
  193  16:10  Nexus  
  199  16:12  Pylon  
  179  16:42  Stalker x8  
  182  16:53  Pylon x2  
  182  16:54  Pylon x2  
Tags
 
Add a new tag
Caveats
  • Supply blocks, unpowered buildings, or Contaminate may cause inaccurate times.
  • Supply counts are checked every 10 seconds.